 Dungeon Crawl Stone Soup version 0.17-a0-1617-gfba1302 (webtiles) character file.

67 Eldritch the Insei (level 4, 0/28 HPs)
             Began as an Octopode Transmuter on Aug 1, 2015.
             Slain by a goblin
             ... wielding a +0 club
             ... led by Robin
              (2 damage)
             ... on level 1 of the Dungeon.
             The game lasted 00:08:35 (3440 turns).

Eldritch the Insei (Octopode Transmuter)            Turns: 3440, Time: 00:08:35

Health: 0/28       AC:  1    Str: 13 (15) XL:     4   Next: 18%
Magic:  4/7        EV: 12    Int: 15      God:
Gold:   52         SH:  0    Dex: 12      Spells: 3 memorised, 1 level left

rFire  . . .     SeeInvis .       - Unarmed
rCold  . . .     Clarity  .     (no shield)
rNeg   . . .     SustAt   .     (helmet restricted)
rPois  .         Gourm    .     (no amulet)
rElec  .         Spirit   .     (no ring)
rCorr  .         Warding  .     (no ring)
rMut   .         Stasis   .     (no ring)
MR     .....                    (no ring)
Stlth  +++.......               (no ring)
                                (no ring)
                                (no ring)
                                (no ring)

@: mighty, very slightly contaminated, not resistant to hostile enchantments,
fairly stealthy
A: almost no armour, amphibious, 8 rings, constrict 8, camouflage 1, gelatinous
body 1
a: no special abilities


You were on level 1 of the Dungeon.
You were not hungry.

You visited 1 branch of the dungeon, and saw 3 of its levels.

You collected 52 gold pieces.

Inventory:

Missiles
 a - 11 arrows
Scrolls
 e - a scroll of amnesia {unknown}
 g - a scroll of recharging {unknown}
Potions
 j - a potion of degeneration
Books
 b - a book of Changes

   Spells                             Type                      Level
   a - Beastly Appendage              Transmutation                1
   b - Sticks to Snakes               Transmutation                2
   c - Spider Form                    Transmutation/Poison         3
   d - Ice Form                       Ice/Transmutation            4
   e - Blade Hands                    Transmutation                5
Comestibles
 c - 2 chunks of flesh
 h - 3 fruits
 i - a meat ration


   Skills:
 + Level 1.0 Fighting
 + Level 2.5 Dodging
 + Level 1.7 Stealth
 + Level 3.6 Unarmed Combat
 + Level 2.4 Spellcasting
 + Level 2.5 Transmutations


You had one spell level left.
You knew the following spells:

 Your Spells              Type           Power        Failure   Level  Hunger
a - Beastly Appendage     Trmt           #.....       10%         1    #......
b - Sticks to Snakes      Trmt           #.........   12%         2    ###....
c - Spider Form           Trmt/Pois      #.........   43%         3    ###....


Dungeon Overview and Level Annotations

Branches:
Dungeon (3/15)

Altars:

Annotations:
D:2 Robin


Innate Abilities, Weirdness & Mutations

You cannot wear most types of armour.
You are amphibious.
You can wear up to eight rings at the same time.
You can use your tentacles to constrict eight enemies at once.
Your skin changes colour to match your surroundings (Stealth).
Your rubbery body absorbs attacks (AC +1).


Message History

Your ball python bites the goblin.
The goblin dies!
The goblin hits you with a club.
* * * LOW HITPOINT WARNING * * *
Robin misses your ball python. The goblin hits you.
* * * LOW HITPOINT WARNING * * *
You climb upwards.
There is a stone staircase leading down here.
Drink which item? (? for menu, Esc to quit)
It was a potion of degeneration.
There was something very wrong with that liquid.
You feel weakened. The goblin closely misses you.
The goblin hits you with a club.
* * * LOW HITPOINT WARNING * * *
Drink which item? (? for menu, Esc to quit)
It was a potion of might.
You feel very mighty all of a sudden. The goblin misses you.
The goblin hits you with a club.
You die...

#.....#....# #########.#.####
#.....# #.#.##### #.###.#
#.#.....############## #.#
#.###.##.................. #.#
#.....##.##.############## ###
########)##.# #......#
#......g...#######......#
#.###.g>@................ ####.#
#.#########.###+#.#.# #....#
#.(.........###.#.#.#
#.##############.......#.#.#
#.#..........# #.#######.#.#
#.#.########.###.#....##.#.#
#.#.#......#.....#.##.##.#..
######.#.#.####.#...###.##.##.###
.......#.#.####.#.......#..##.#


You could see 2 goblins.

Vanquished Creatures
  An adder (D:2)
  3 oozes
  4 hobgoblins
  2 quokkas (D:2)
  A ball python (D:2)
  4 bats
  2 giant cockroaches (D:1)
  A giant gecko (D:1)
  3 giant newts
  9 goblins
  4 kobolds
  5 rats
39 creatures vanquished.

Vanquished Creatures (collateral kills)
  2 bats (D:2)
  7 goblins
  A hobgoblin (D:2)
10 creatures vanquished.

Grand Total: 49 creatures vanquished

Notes
Turn   | Place    | Note
--------------------------------------------------------------
     0 | D:1      | Eldritch the Octopode Transmuter began the quest for the Orb.
     0 | D:1      | Reached XP level 1. HP: 13/13 MP: 3/3
   123 | D:1      | Reached XP level 2. HP: 13/18 MP: 5/5
   298 | D:1      | Learned a level 2 spell: Sticks to Snakes
  1305 | D:1      | Reached XP level 3. HP: 15/23 MP: 1/6
  1851 | D:2      | Reached skill level 1 in Stealth
  2332 | D:1      | Learned a level 3 spell: Spider Form
  3047 | D:2      | Reached XP level 4. HP: 19/28 MP: 5/7
  3410 | D:2      | Noticed Robin
  3440 | D:1      | Slain by a goblin

Vault maps used:
D:1:      dpeg_arrival_round_b, minmay_misc_feat_x
D:2:      uniq_robin
D:3:      nemelex_deck, first_bread, nemelex_spade_bored_becter, uniq_jessica

Action                   |  1- 3 |  4- 6 || total
-------------------------+-------+-------++-------
Melee: Unarmed           |    90 |     7 ||    97
 Cast: Beastly Appendage |    12 |     1 ||    13
       Sticks to Snakes  |    13 |     2 ||    15
       Spider Form       |       |     1 ||     1
  Use: Potion            |     2 |     2 ||     4
       Scroll            |       |     1 ||     1
 Stab: Sleeping          |     2 |       ||     2
  Eat: Bread ration      |     1 |       ||     1
       Chunk             |     1 |     1 ||     2
       Fruit             |     1 |       ||     1
       Beef jerky        |     1 |       ||     1
